 Dungeon Crawl Stone Soup version 0.25-a0-403-g49d089a364 (webtiles) character file.

Game seed: 3687600766255468155, levelgen mode: deterministic

16439 Roikka the Cleaver (level 12, -2/130 HPs)
             Began as an Ogre Berserker on Jan 9, 2020.
             Was a High Priest of Trog.
             Slain by a freezing wraith (8 damage)
             ... on level 14 of the Dungeon.
             The game lasted 01:01:51 (14695 turns).

Roikka the Cleaver (Ogre Berserker)                Turns: 14695, Time: 01:01:52

Health: -2/130     AC:  5    Str: 27    XL:     12   Next: 37%
Magic:  12/12      EV: 10    Int: 10    God:    Trog [*****.]
Gold:   569        SH: 18    Dex:  9    Spells: 11/11 levels left

rFire    + + .     SeeInvis .   b - +7 war axe (flame)
rCold    . . .     Gourm    .   C - +2 shield "Moomyhie" {+Inv rN+}
rNeg     + . .     Faith    .   L - +0 troll leather armour
rPois    .         Spirit   .   (helmet restricted)
rElec    .         Reflect  +   N - scarf {rC+ rF+}
rCorr    .         Harm     .   (gloves unavailable)
MR       +....                  (boots unavailable)
Stlth    +.........             p - +5 amulet of reflection
HPRegen  0.71/turn              n - +2 ring of intelligence
MPRegen  0.13/turn              M - ring of fire

@: slowed, very slow
A: large, unfitting armour, tough skin 1
a: Berserk, Trog's Hand, Brothers in Arms, Renounce Religion, Evoke Invisibility


You were on level 14 of the Dungeon.
You worshipped Trog.
Trog was extremely pleased with you.
You were not hungry.

You visited 2 branches of the dungeon, and saw 14 of its levels.
You also visited: Ossuary, Bailey and Ice Cave.

You collected 712 gold pieces.
You spent 143 gold pieces at shops.

Inventory:

Hand Weapons
 a - a +6 broad axe of chopping
 b - a +7 war axe of flaming (weapon)
 s - a +0 executioner's axe of freezing
 J - a +2 antimagic broad axe
Missiles
 u - 9 boomerangs
 A - 19 javelins (quivered)
Armour
 C - the +2 shield "Moomyhie" (worn) {+Inv rN+}
   (You acquired it on level 10 of the Dungeon)

   It protects you from negative energy.
   It lets you turn invisible.
 L - a +0 troll leather armour (worn)
 N - a scarf of resistance (worn)
Jewellery
 n - a +2 ring of intelligence (left hand)
 p - a +5 amulet of reflection (around neck)
 K - a +2 ring of intelligence
 M - a ring of fire (right hand)
Wands
 l - a wand of clouds (4)
 m - a wand of flame (17)
 F - a wand of polymorph (5)
 H - a wand of iceblast (21)
Scrolls
 d - 4 scrolls of immolation
 e - 9 scrolls of teleportation
 f - 6 scrolls of identify
 k - 10 scrolls of remove curse
 o - a scroll of enchant armour
 w - 6 scrolls of noise
 x - 3 scrolls of enchant weapon
 y - 2 scrolls of fear
 G - 2 scrolls of blinking
Potions
 g - a potion of brilliance
 h - 2 potions of ambrosia {unknown}
 i - a potion of resistance {unknown}
 j - 10 potions of curing
 r - 3 potions of haste
 t - 2 potions of magic
 v - 3 potions of mutation
 z - 5 potions of flight
 B - 2 potions of invisibility
 D - 2 potions of agility
 E - 2 potions of lignification
Miscellaneous
 I - a lightning rod (4/4)
 O - a phantom mirror
Comestibles
 c - 28 rations
 P - 17 chunks of flesh


   Skills:
 + Level 11.5 Fighting
 * Level 14.7 Axes
 - Level 3.0 Dodging
 - Level 9.0 Shields


You had 11 spell levels left.
You didn't know any spells.
Your spell library was empty.

Dungeon Overview and Level Annotations

Branches:
Dungeon (12/15)            Temple (1/1) D:6            Lair (0/6) D:11
    Orc (0/2) D:12        Ossuary (visited)          Bailey (visited)
  IceCv (visited)

Altars:
Ashenzari
Makhleb
Sif Muna
Xom

Shops:
D:4 !   D:6 [   D:11 [


Innate Abilities, Weirdness & Mutations

You are too large for most types of armour.
You have tough skin. (AC +1)


Message History

You finish putting on the +2 shield "Moomyhie" {+Inv rN+}.
You feel much better. You block the freezing wraith's attack.
The freezing wraith hits you. You block the freezing wraith's attack.
The freezing wraith hits you.
* * * LOW HITPOINT WARNING * * *
The freezing wraith drains your vigour!
You feel as though you will be slow longer.
You barely miss the freezing wraith.
You block the freezing wraith's attack. x2
You hit the freezing wraith. You burn the freezing wraith.
The freezing wraith is lightly damaged.
The freezing wraith hits you.
* * * LOW HITPOINT WARNING * * *
The freezing wraith freezes you!!
* * * LOW HITPOINT WARNING * * *
You block the freezing wraith's attack.
Your two-headed ogre goes berserk!
You feel quite a bit more hungry. The freezing wraith hits you!
* * * LOW HITPOINT WARNING * * *
The freezing wraith freezes you!
You die...

#.# #.# #.# #.#
.# #)###..##
#))....$#
#)###..##
..#####O# .#
......W@#
..#####.# #.#
#.# #.#
..#####.#####..
...............
..#####.#####.#
#.#


You could see a freezing wraith and a friendly two-headed ogre (berserk).

Vanquished Creatures
  The ghost of PentaManta the Basher, a novice GrFi of Okawaru (D:8)
  3 ugly things
  2 ice statues (IceCv)
  An elephant (D:11)
  Psyche (D:11)
  2 gargoyles (D:11)
  An efreet (D:14)
  A troll (D:9)
  A hornet (D:10)
  Grinder (D:3)
  3 hippogriffs
  A wyvern (D:11)
  11 yaks (D:11)
  4 hungry ghosts
  2 basilisks (D:11)
  2 vampire mosquitoes (D:12)
  An acid dragon (D:12)
  3 water moccasins
  8 ice beasts
  8 orc warriors
  2 sky beasts (D:8)
  2 necrophages
  A phantom (D:6)
  9 ogres
  15 centaurs
  2 big kobolds (D:10)
  A wyvern zombie (D:8)
  7 bullfrogs
  4 scorpions
  4 killer bees (D:12)
  4 howler monkeys
  13 wights
  A bullfrog zombie (D:10)
  6 crimson imps
  A centaur skeleton (D:8)
  4 centaur zombies
  3 hounds
  A jelly (D:8)
  7 orc priests
  A bullfrog skeleton (D:12)
  A gnoll shaman (D:9)
  A human zombie (Ossuary)
  5 iguanas
  14 worker ants
  14 orc wizards
  A big kobold zombie (Ossuary)
  A hound skeleton (D:10)
  6 mummies (Ossuary)
  2 worker ant zombies
  8 gnolls
  10 adders
  2 shadow imps
  An ooze (D:3)
  An adder zombie (D:8)
  2 worms
  A dart slug (D:3)
  5 leopard geckos
  71 orcs
  2 ball pythons
  9 bats
  5 giant cockroaches
  8 goblins
  9 hobgoblins
  21 jackals
  15 kobolds
  6 quokkas
  12 frilled lizards
  A goblin zombie (Ossuary)
  A hobgoblin zombie (Ossuary)
  A jackal zombie (D:6)
  A kobold zombie (Ossuary)
  A leopard gecko skeleton (D:8)
  A leopard gecko zombie (D:7)
  An orc zombie (Ossuary)
  A quokka skeleton (D:4)
  A quokka zombie (D:8)
  10 rats
397 creatures vanquished.

Vanquished Creatures (collateral kills)
  An ice statue (IceCv)
  6 orc warriors (Bailey)
  3 orcs (Bailey)
10 creatures vanquished.

Vanquished Creatures (others)
  A centaur (D:11)
  An orc wizard (D:4)
2 creatures vanquished.

Grand Total: 409 creatures vanquished

Notes
Turn   | Place    | Note
-------+----------+-------------------------------------------
     0 | D:1      | Roikka the Ogre Berserker began the quest for the Orb.
     0 | D:1      | Reached XP level 1. HP: 24/24 MP: 1/1
   136 | D:1      | Reached XP level 2. HP: 22/32 MP: 2/2
   634 | D:1      | Reached XP level 3. HP: 40/40 MP: 3/3
   685 | D:2      | Found a faded altar of an unknown god.
   710 | D:2      | Reached ** piety under Trog
   976 | D:2      | Reached skill level 1 in Shields
   976 | D:2      | Reached XP level 4. HP: 25/49 MP: 4/4
  1298 | D:2      | Reached skill level 4 in Axes
  1600 | D:2      | Reached XP level 5. HP: 13/55 MP: 5/5
  2069 | D:2      | Reached skill level 5 in Fighting
  3201 | D:3      | Noticed Grinder
  3357 | D:4      | Reached XP level 6. HP: 55/66 MP: 6/6
  3366 | D:4      | Reached *** piety under Trog
  3514 | D:4      | Found Posihust's Distillery.
  3640 | D:4      | Reached skill level 5 in Axes
  3742 | D:4      | Found a sand-covered staircase.
  3749 | Ossuary  | Entered an ossuary
  4007 | Ossuary  | Reached XP level 7. HP: 67/74 MP: 7/7
  4336 | D:4      | Bought a potion of curing for 33 gold pieces
  4336 | D:4      | Bought a potion of flight for 33 gold pieces
  4336 | D:4      | Bought a potion of agility for 44 gold pieces
  4336 | D:4      | Bought a potion of lignification for 33 gold pieces
  4661 | D:3      | Paralysed by Grinder for 2 turns
  4677 | D:3      | Killed Grinder
  4677 | D:3      | Reached skill level 6 in Axes
  4691 | D:3      | Reached **** piety under Trog
  5050 | D:5      | Entered Level 5 of the Dungeon
  5069 | D:5      | Found a burning altar of Makhleb.
  5476 | D:5      | Reached XP level 8. HP: 80/83 MP: 8/8
  5880 | D:4      | Reached skill level 5 in Shields
  5896 | D:5      | Found a shattered altar of Ashenzari.
  6049 | D:5      | Reached skill level 7 in Axes
  6693 | D:6      | Found a staircase to the Ecumenical Temple.
  6701 | Temple   | Entered the Ecumenical Temple
  6918 | D:6      | Found Unteyq's Antique Armour Emporium.
  6991 | D:6      | Reached skill level 8 in Axes
  6996 | D:6      | Reached XP level 9. HP: 65/89 MP: 9/9
  7874 | D:7      | Reached skill level 9 in Axes
  8564 | D:8      | Found a runed translucent gate.
  8565 | D:8      | Found a runed translucent gate.
  8566 | D:8      | Found a runed translucent gate.
  8572 | D:8      | Noticed PentaManta's ghost (novice GrFi)
  8592 | D:8      | Killed PentaManta's ghost
  8592 | D:8      | Reached XP level 10. HP: 100/100 MP: 10/10
  8639 | D:8      | Found a flagged portal.
  8661 | Bailey   | Entered a bailey
  8742 | Bailey   | Reached skill level 10 in Axes
  8818 | Bailey   | Reached ***** piety under Trog
  8818 | Bailey   | Received a gift from Trog
  9172 | Bailey   | HP: 5/102 [centaur/javelin (18)]
 11105 | D:8      | Reached skill level 11 in Axes
 11345 | D:9      | Found a shimmering altar of Xom.
 11511 | D:9      | Received a gift from Trog
 12124 | D:9      | Found a shimmering blue altar of Sif Muna.
 12359 | D:10     | Entered Level 10 of the Dungeon
 12398 | D:10     | Reached skill level 12 in Axes
 12398 | D:10     | Reached XP level 11. HP: 102/111 MP: 11/11
 12526 | D:10     | Noticed a brown ugly thing
 12541 | D:10     | Killed a brown ugly thing
 12717 | D:10     | Identified a scroll of acquirement
 12717 | D:10     | Identified the +2 shield "Moomyhie" {+Inv rN+} (You
                  | acquired it on level 10 of the Dungeon)
 13059 | D:11     | Noticed Psyche
 13070 | D:11     | Killed Psyche
 13070 | D:11     | Received a gift from Trog
 13113 | D:11     | Reached skill level 13 in Axes
 13304 | D:11     | Found a staircase to the Lair.
 13367 | D:11     | Reached skill level 10 in Fighting
 13680 | D:11     | Found Qallapp's Armour Shoppe.
 13844 | D:12     | Found a frozen archway.
 13873 | IceCv    | Entered an ice cave
 13885 | IceCv    | Reached skill level 14 in Axes
 13888 | IceCv    | Reached XP level 12. HP: 127/127 MP: 12/12
 14372 | D:12     | Received a gift from Trog
 14456 | D:12     | Found a staircase to the Orcish Mines.
 14645 | D:12     | You fall into a shaft and drop 2 floors!
 14695 | D:14     | HP: 6/130 [freezing wraith (8)]
 14695 | D:14     | Slain by a freezing wraith

Levels and vault maps discovered:
D:1:      tarquinn_simple_flora_water_a, layout_rooms
D:2:      minmay_spotlight, layout_loops_ring,
          chequers_ecumenical_altar_simple_redux
D:3:      layout_basic, grunt_decor_one_mirror, uniq_grinder
D:4:      layout_loops_cross, enter_ossuary_3, serial_shops,
          nicolae_shop_waterfront, minmay_door_square
D:5:      layout_loops_cross, kennysheep_mini_moat, old_standard_altar,
          first_ration
D:6:      layout_gridville, minmay_temple_entry_stoned_glass, serial_shops, shop
D:7:      layout_basic
D:8:      layout_loops_cross, gammafunk_ghost_necromancy, enter_bailey_2
D:9:      layout_basic, led_sif_pool, overflow_temple_1_default
D:10:     layout_basic
D:11:     layout_irregular_city, david_lair_generic, serial_shops, shop,
          uniq_psyche
D:12:     layout_loops_corners, david_orc_3, portal_ice_cave_entry_pillars_1
D:14:     layout_small_grid, erik_vaults_1, serial_park_avenue1
Temple:   dpeg_five_rooms_temple

Skill      XL: |  1  2  3  4  5  6  7  8  9 10 11 12 |
---------------+-------------------------------------+-----
Dodging        | 3 |  3.0
Shields        | 1 2 3 4 6 8 9 |  9.0
Axes           | 4 5 6 8 9 12 14 | 14.7
Fighting       | 5 6 8 10 11 | 11.5

Action                   |  1- 3 |  4- 6 |  7- 9 | 10-12 || total
-------------------------+-------+-------+-------+-------++-------
Melee: Hand axe          |   103 |   305 |   193 |    13 ||   614
       War axe           |       |       |   235 |    41 ||   276
       Broad axe         |       |       |       |   420 ||   420
       Trident           |       |       |       |    45 ||    45
       Spear             |       |       |       |    13 ||    13
       Executioner's axe |       |       |       |    44 ||    44
Throw: Boomerang         |       |       |    55 |   109 ||   164
       Javelin           |       |       |       |    22 ||    22
Invok: Berserk           |       |     2 |     2 |       ||     4
       Brothers in Arms  |       |       |       |     3 ||     3
  Use: Scroll            |       |     8 |    15 |     5 ||    28
       Potion            |       |       |       |     3 ||     3
  Eat: Chunk             |       |    12 |    17 |    14 ||    43
       Ration            |       |       |     1 |     3 ||     4
Armor: Animal skin       |    51 |    42 |    54 |    21 ||   168
       Troll leather arm |       |       |       |    43 ||    43
Dodge: Dodged            |    86 |    59 |    97 |   138 ||   380
Block: Shield            |    16 |   136 |   282 |   323 ||   757
       Reflection        |       |       |     8 |    16 ||    24
       Other             |       |       |       |    23 ||    23

Table legend:
 A = Non-vault XP
 B = Vault XP
 C = Vault XP percentage of total XP
 D = Non-vault monster count
 E = Vault monster count
 F = Vault count percentage of total count
                 A         B        C        D         E       F
            +---------+---------+-------+---------+---------+-------
      Total |   15767 |    7718 |  32.9 |     324 |      84 |  20.6
            +---------+---------+-------+---------+---------+-------
        D:1 |      41 |       0 |   0.0 |      26 |       0 |   0.0
        D:2 |     123 |      22 |  15.2 |      26 |       5 |  16.1
        D:3 |     144 |     272 |  65.4 |      28 |       1 |   3.4
        D:4 |     373 |       0 |   0.0 |      28 |       0 |   0.0
        D:5 |     500 |       0 |   0.0 |      20 |       0 |   0.0
        D:6 |     820 |       0 |   0.0 |      24 |       0 |   0.0
        D:7 |    1324 |       0 |   0.0 |      26 |       0 |   0.0
        D:8 |    1131 |     665 |  37.0 |      17 |       4 |  19.0
        D:9 |    1420 |       0 |   0.0 |      23 |       0 |   0.0
       D:10 |    2583 |       0 |   0.0 |      37 |       0 |   0.0
       D:11 |    4543 |    1601 |  26.1 |      34 |       6 |  15.0
       D:12 |    1707 |     211 |  11.0 |      29 |       4 |  12.1
       D:14 |    1058 |       0 |   0.0 |       6 |       0 |   0.0
    Ossuary |       0 |     262 | 100.0 |       0 |      14 | 100.0
     Bailey |       0 |    1929 | 100.0 |       0 |      39 | 100.0
      IceCv |       0 |    2756 | 100.0 |       0 |      11 | 100.0
            +---------+---------+-------+---------+---------+-------
